[Event "Early-Titled-Tuesday-Blitz-February-06-2024"]
[Site "Chess.com"]
[Date "2024.02.06"]
[Round "10"]
[White "Gabrielian_Artur"]
[Black "KetiTsatsalashvili"]
[Result "1-0"]
[WhiteElo "2763"]
[BlackElo "2468"]
[TimeControl "180+1"]
[EndTime "9:55:17 PST"]
[Termination "Gabrielian_Artur won on time"]

1. e4 c5 2. a4 d6 3. Bb5+ Nd7 4. Nc3 Nf6 5. d3 g6 6. f4 Bg7 7. Nf3 O-O 8. O-O b6 9. Qe1 Bb7 10. Qh4 Rc8 11. f5 Ne8 12. Bh6 f6 13. Bc4+ Rf7 14. Bxg7 Nxg7 15. Bxf7+ Kxf7 16. Qxh7 gxf5 17. Rae1 Qh8 18.
Qxh8 Rxh8 19. exf5 Rg8 20. Ne4 d5 21. Ng3 d4 22. b3 a5 23. Re2 Bd5 24. Rfe1 Re8 25. Nd2 Ne5 26. Nc4 Bxc4 27. bxc4 Rg8 28. Rb1 Nd7 29.
Rf2 Rh8 30. Ne4 Rh5 31. g4 Rh4 32. Rg2 Rh8 33. Kf2 Rh3 34. Rh1 Ne5 35. Rg3 Rh4 36.
h3 Ne8 37. Kg2 Nd6 38. Nxd6+ exd6 39. Rb1 Nd7 40. Rf3 Rh8 41. Kg3 Re8 42. h4 Re2 43.
Rf2 Re3+ 44. Kg2 Kg7 45. g5 Kf7 46. g6+ Kg7 47. h5 Kh6 48. Rg1 Ne5 49. Kf1 Kg7 50.
h6+ Kxh6 51. g7 Nf3 52. Rxf3 Rxf3+ 53. Ke2 Re3+ 54. Kd2 1-0

[Event "Early-Titled-Tuesday-Blitz-February-06-2024"]
[Site "Chess.com"]
[Date "2024.02.06"]
[Round "10"]
[White "GianmarcoVaR"]
[Black "VomDingJetztHer"]
[Result "1/2-1/2"]
[WhiteElo "2683"]
[BlackElo "2510"]
[TimeControl "180+1"]
[EndTime "9:55:17 PST"]
[Termination "Game drawn by repetition"]

1. e4 c6 2. d4 d5 3. Nc3 dxe4 4.
Nxe4 Bf5 5. Ng3 Bg6 6. N1e2 Nf6 7. Nf4 e5 8. dxe5 Qa5+ 9. c3 Qxe5+ 10. Qe2 Nbd7 11. Nxg6 hxg6 12. Bf4 Qxe2+ 13. Bxe2 Nd5 14. Bd2 O-O-O 15. O-O-O Nc5 16. h4 Bd6 17. h5 Bxg3 18. fxg3 gxh5 19. Rxh5 Rxh5 20. Bxh5 g6 21. Bf3 Nd3+ 22.
Kc2 Ne5 23. Be2 Nf6 24. Rf1 Ne4 25. Bf4 f5 26. Bf3 Nxf3 27. gxf3 Nf6 28. Bg5 Rd6 29. Rh1 Nd5 30. Rh8+ Kd7 31. Rh7+ Kc8 32. Rg7 Re6 33. Kd3 Rd6 34. Ke2 Re6+ 35. Kf2 Nb6 36. b3 Nd7 37. Be3 b6 38. Bf4 a5 39. Rg8+ Kb7 40. Rg7 Kc8 41.
Rg8+ Kb7 42. Rg7 Kc8 1/2-1/2

[Event "Early-Titled-Tuesday-Blitz-February-06-2024"]
[Site "Chess.com"]
[Date "2024.02.06"]
[Round "10"]
[White "HansOnTwitch"]
[Black "h4parah5"]
[Result "0-1"]
[WhiteElo "3156"]
[BlackElo "2959"]
[TimeControl "180+1"]
[EndTime "9:55:18 PST"]
[Termination "h4parah5 won by resignation"]

1. e4 e5 2. Nf3 Nc6 3. Bc4 Bc5 4. d3 Nf6 5. O-O d6 6. c3 a5 7. Re1 O-O 8. h3 h6 9. Nbd2 Be6 10. b3 Ba7 11. a4 Re8 12. Bb5 Bd7 13. Bb2 Ne7 14.
Bxd7 Qxd7 15. d4 Ng6 16. Qc2 Qc6 17. c4 Qd7 18. Rad1 Nh5 19. Nf1 Nhf4 20. Ng3 Nxg2 21.
Nf5 Nxe1 22. Rxe1 f6 23. Kh2 Qf7 24. Rg1 Kh8 25. c5 Rad8 26. Qd2 Rg8 27. Qxa5 Bb8 28. cxd6 cxd6 29. d5 Nf4 30. Bc1 Bc7 31. Qb5 Qh5 32.
Rg3 g6 33. N5h4 f5 34. Qxb7 fxe4 35. Qxc7 exf3 36. Bxf4 Qxh4 37. Be3 Qf6 38. Bxh6 g5 39. h4 Qxh6 40. Rxf3 Rdf8 0-1

[Event "Early-Titled-Tuesday-Blitz-February-06-2024"]
[Site "Chess.com"]
[Date "2024.02.06"]
[Round "10"]
[White "GMRAVEN_ON_YOUTUBE"]
[Black "ChainedDowntohell"]
[Result "1-0"]
[WhiteElo "2762"]
[BlackElo "2552"]
[TimeControl "180+1"]
[EndTime "9:55:19 PST"]
[Termination "GMRAVEN_ON_YOUTUBE won on time"]

1. f4 b6 2. Nf3 Bb7 3. Nc3 Nf6 4. d3 d5 5. e3 g6 6. Be2 Bg7 7. O-O O-O 8. Qe1 c5 9. Bd1 d4 10. exd4 cxd4 11. Ne4 Nc6 12. Bd2 Rc8 13. Qh4 e6 14. Qh3 a5 15. Nfg5 h6 16. Nxf6+ Qxf6 17. Ne4 Qe7 18. a3 f5 19. Nf2 Kh7 20. Re1 e5 21.
Bf3 Qc7 22. Qg3 Rce8 23. Re2 exf4 24. Bxf4 Qc8 25. Rae1 g5 26. Bd6 Rxe2 27. Rxe2 Re8 28. h4 Rxe2 29. Bxe2 Qd7 30. hxg5 hxg5 31. Qh2+ Kg8 32. Bb8 Qe6 33. Kf1 Qd7 34. Nh3 f4 35. Nxg5 Nxb8 36. Qh7+ Kf8 37. Qg6 Bd5 38. Nh7+ Ke7 39.
Qxg7+ Kd8 40. Qf8+ Kc7 41. Qxf4+ Kb7 42. Nf6 Qe6 43.
Nxd5 1-0

[Event "Early-Titled-Tuesday-Blitz-February-06-2024"]
[Site "Chess.com"]
[Date "2024.02.06"]
[Round "10"]
[White "mbchess97"]
[Black "djano"]
[Result "0-1"]
[WhiteElo "2456"]
[BlackElo "2613"]
[TimeControl "180+1"]
[EndTime "9:55:19 PST"]
[Termination "djano won on time"]

1. c4 e6 2. g3 d5 3. Bg2 Nc6 4. cxd5 exd5 5. d4 Bf5 6. Nf3 Nb4 7. Na3 Nf6 8. O-O Be7 9. Bd2 O-O 10. Bxb4 Bxb4 11. Qb3 Qe7 12. Nc2 Bd6 13. Ne3 Be4 14. Rac1 c6 15. Bh3 Rfe8 16. Nd2 Bg6 17. a4 Bb4 18.
Nf3 Ne4 19. Rfd1 f6 20. Nh4 a5 21. Nhf5 Qf7 22. Bf1 h5 23. h4 Kh8 24. f3 Nd2 25.
Qd3 Rxe3 26. Qxe3 Nxf1 27. Rxf1 Bxf5 28. g4 Bg6 29. Qf4 Re8 30. Kf2 Qe6 31. e3 Bd2 32. Rce1 Bxe1+ 33. Rxe1 hxg4 34. fxg4 Qe4 35. Qg3 Qc2+ 36. Re2 Qd3 37. h5 Bh7 38. h6 gxh6 39. Qf4 Qg6 40. Re1 Rg8 41. Kf3 Qe4+ 42. Qxe4 Bxe4+ 43. Kf4 Kg7 44. Rc1 Ra8 45. Rc5 Ra6 46. b3 Kf7 47. Rc3 Rb6 48. Kg3 Kg6 49. Kf4 Rb4 0-1

[Event "Early-Titled-Tuesday-Blitz-February-06-2024"]
[Site "Chess.com"]
[Date "2024.02.06"]
[Round "10"]
[White "Canal_Showdrez"]
[Black "LeoWin2012"]
[Result "0-1"]
[WhiteElo "2030"]
[BlackElo "2142"]
[TimeControl "180+1"]
[EndTime "9:55:19 PST"]
[Termination "LeoWin2012 won by resignation"]

1. d4 Nf6 2. Nf3 e6 3. e3 c6 4.
Bd3 d6 5. c3 Be7 6. O-O O-O 7.
Nbd2 Nbd7 8. Re1 Re8 9. e4 e5 10. b4 h6 11. a4 a6 12. Qb3 Nf8 13. Bc4 Be6 14. d5 cxd5 15. exd5 Bf5 16. b5 a5 17. Bf1 N8d7 18. Ba3 b6 19. Nc4 Nc5 20. Bxc5 bxc5 21. b6 Nxd5 22. b7 Rc8 23. bxc8=Q Qxc8 24. Nxd6 Bxd6 25. Qxd5 Bb8 26. Nxe5 Be6 27. Qc6 Qd8 28. Qxc5 Qg5 29. Qd4 Rd8 30. Qb6 Rc8 31. Nf3 Qg4 32. h3 Qg6 33. c4 Bc7 34. Qc6 Bh2+ 35. Kxh2 Rxc6 36. Red1 Qf6 37. Nd4 Rc8 38. Nxe6 Qxe6 39. c5 Rxc5 40. Re1 Qd6+ 41. Kg1 g6 42. Bb5 Rc2 43. Rad1 Qc5 44. Rf1 Kg7 45. Rd8 h5 46. Rd7 h4 47. Kh2 Rxf2 48. Rxf2 Qxf2 49. Bc4 Qf4+ 50. Kg1 Qxc4 0-1

[Event "Early-Titled-Tuesday-Blitz-February-06-2024"]
[Site "Chess.com"]
[Date "2024.02.06"]
[Round "10"]
[White "Aash20"]
[Black "GoValya"]
[Result "1-0"]
[WhiteElo "2465"]
[BlackElo "2285"]
[TimeControl "180+1"]
[EndTime "9:55:20 PST"]
[Termination "Aash20 won by resignation"]

1. e4 e6 2. d4 d5 3. Nd2 c5 4. Ngf3 Nf6 5. e5 Nfd7 6. c3 Nc6 7.
Bd3 Be7 8. O-O a6 9. Re1 b5 10. Nf1 Bb7 11. Ng3 cxd4 12. cxd4 Qb6 13. Bb1 O-O-O 14.
Be3 h6 15. Bd3 Kb8 16. Rc1 f6 17. exf6 gxf6 18. Bf4+ e5 19. dxe5 fxe5 20. Nxe5 Ndxe5 21. Bxe5+ Nxe5 22. Rxe5 Bc5 23. Re2 Rhf8 24. Rcc2 Bc8 25. Kh1 Rxf2 26. Rxf2 Bxf2 27. Nf5 Re8 28. Re2 Rxe2 29.
Qxe2 Qc5 30. h3 Qc1+ 31. Kh2 Qf4+ 32. g3 Bxg3+ 33. Nxg3 Qd4 34. Bf5 Bb7 35. Bg4 Ka7 36. Nf5 Qc5 37. Qe3 Qxe3 38. Nxe3 d4 39. Nc2 d3 40.
Ne3 d2 41. Kg3 Kb6 42. Kf2 Kc5 43. Ke2 Kd4 44. Nf5+ Ke4 45. Nxh6 Kf4 46. Kxd2 Kg3 47. Nf5+ Kf4 48. Nd6 Bd5 49. a3 Bg2 50. Kc3 Ke5 51.
Nf5 Kf4 52. Kb4 Bb7 53. Nd6 Bg2 54. Ka5 Ke3 55. Kxa6 Bf1 56. Nxb5 1-0

[Event "Early-Titled-Tuesday-Blitz-February-06-2024"]
[Site "Chess.com"]
[Date "2024.02.06"]
[Round "10"]
[White "Irishchessman16"]
[Black "alekroth65"]
[Result "0-1"]
[WhiteElo "2486"]
[BlackElo "2387"]
[TimeControl "180+1"]
[EndTime "9:55:21 PST"]
[Termination "alekroth65 won by resignation"]

1. d4 d6 2. e4 Nf6 3. Nc3 g6 4. Bg5 Bg7 5. Nf3 c6 6. h3 b5 7.
a3 Nbd7 8. Qd2 Bb7 9. e5 dxe5 10. dxe5 Nd5 11. Nxd5 cxd5 12. Bxb5 O-O 13. Bh6 Nxe5 14. Nxe5 Bxh6 15. Qxh6 Qa5+ 16. c3 Qxb5 17. O-O-O Rab8 18. Rhe1 Bc8 19. Rd2 Bf5 20. Nf3 Rfc8 21. Re3 Qb3 22.
Rde2 Qa2 23. Rc2 Rxb2 24. Rxb2 Qa1+ 25. Kd2 Qxb2+ 26. Ke1 d4 27. Ng5 Qc1+ 28. Ke2 d3+ 29.
Kf3 Qd1+ 30. Kg3 Qh5 31. Qxh5 gxh5 32. Rxe7 d2 33. Rd7 Bxd7 34. Ne4 d1=Q 35. Nf6+ Kg7 36. Nxd7 0-1

[Event "Early-Titled-Tuesday-Blitz-February-06-2024"]
[Site "Chess.com"]
[Date "2024.02.06"]
[Round "10"]
[White "ploxoi"]
[Black "AnaKuchava"]
[Result "1-0"]
[WhiteElo "2451"]
[BlackElo "2210"]
[TimeControl "180+1"]
[EndTime "9:55:22 PST"]
[Termination "ploxoi won on time"]

1. c4 e6 2. g3 d5 3. Bg2 Nf6 4.
Nf3 Be7 5. d4 O-O 6. O-O c6 7.
Qc2 b6 8. Nbd2 Ba6 9. Rd1 Nbd7 10. b3 Rc8 11. e4 dxe4 12. Nxe4 Nxe4 13. Qxe4 Nf6 14. Qe2 Bd6 15. Ne5 Bb7 16. c5 Bxe5 17. Qxe5 Nd5 18. h4 Qe7 19. Bb2 Qc7 20. Qe2 Rcd8 21.
Rac1 bxc5 22. Rxc5 Qb6 23. Rdc1 Ba6 24. Qg4 Rc8 25. h5 h6 26. Kh2 Bb7 27. Qe2 a5 28. Be4 a4 29. Bc2 axb3 30. Bxb3 Ba6 31. Qe4 Nf6 32.
Qe1 Ng4+ 33. Kh3 Nf6 34. Kg2 Nd5 35. Qa5 Qxa5 36. Rxa5 Bb7 37. Ba3 Ra8 38. Rxa8 Rxa8 39. Bd6 Ra5 40. Bc4 Ra4 41. Bc5 1-0

[Event "Early-Titled-Tuesday-Blitz-February-06-2024"]
[Site "Chess.com"]
[Date "2024.02.06"]
[Round "10"]
[White "cthulhuuu"]
[Black "Chemim21"]
[Result "1-0"]
[WhiteElo "2405"]
[BlackElo "2246"]
[TimeControl "180+1"]
[EndTime "9:55:22 PST"]
[Termination "cthulhuuu won on time"]

1. e4 e6 2. d3 c5 3. Nf3 b6 4. g3 Bb7 5. Bg2 d6 6. O-O Nf6 7. c3 Qc7 8. Re1 Nbd7 9. Nbd2 Be7 10.
d4 cxd4 11. cxd4 Rc8 12. Bf1 Qc2 13. Qxc2 Rxc2 14. Bd3 Rc7 15. Nb3 O-O 16. a4 a6 17.
Bf4 Rfc8 18. Nfd2 Nh5 19. Be3 Nhf6 20. f3 e5 21. d5 Nc5 22. Nxc5 bxc5 23. Nc4 Nd7 24.
Bd2 Rb8 25. Na5 Ba8 26. Bc3 Ra7 27. Rab1 Bd8 28. b4 cxb4 29. Bxb4 Rxb4 30. Nc6 Bxc6 31. dxc6 Rxb1 32. Rxb1 Bb6+ 33. Kf1 f5 34. cxd7 Rxd7 35. Rxb6 fxe4 36. fxe4 Rc7 37. Rxa6 Rc3 38. Rxd6 h6 39.
a5 Ra3 40. a6 Kf8 41. Rd7 g5 42. a7 1-0

[Event "Early-Titled-Tuesday-Blitz-February-06-2024"]
[Site "Chess.com"]
[Date "2024.02.06"]
[Round "10"]
[White "Philippians46"]
[Black "MatthewG-p4p"]
[Result "1-0"]
[WhiteElo "2640"]
[BlackElo "2816"]
[TimeControl "180+1"]
[EndTime "9:55:23 PST"]
[Termination "Philippians46 won by resignation"]

1. d4 Nf6 2. c4 c5 3. d5 e6 4.
Nc3 exd5 5. cxd5 d6 6. g3 g6 7. Bg2 Bg7 8. Nf3 O-O 9. O-O Re8 10.
Bf4 a6 11. a4 Bf5 12. Re1 Ne4 13. Ra3 Qc7 14. Nd2 Nxd2 15. Qxd2 c4 16. b4 cxb3 17. Rxb3 Nd7 18. e4 Nc5 19. Rb4 Bd7 20. Reb1 f5 21. Rb6 Bf8 22. e5 dxe5 23. d6 Qd8 24. Qd5+ Be6 25. Qxc5 exf4 26. Bxb7 Rb8 27. Qc7 Bg7 28.
Ne2 fxg3 29. hxg3 Qd7 30. Nf4 Rbd8 31. Nxe6 Qxe6 32. Bc6 Rf8 33. Rb7 Qe5 34. d7 Qxc7 35.
Rxc7 f4 36. g4 f3 37. Kf1 Be5 38. Ra7 Kf7 39. Rxa6 Kg7 40. Rab6 Rf4 41. R6b4 Rf6 42. Rc4 Bc7 43. Rb5 h6 44. a5 Rd6 45. Rc1 Rd4 46.
a6 Ra4 47. Rb7 Bf4 48. Bxa4 Bxc1 49. a7 Bf4 50. Rb8 Bxb8 51. a8=Q Bc7 52. Qc6 1-0

[Event "Early-Titled-Tuesday-Blitz-February-06-2024"]
[Site "Chess.com"]
[Date "2024.02.06"]
[Round "10"]
[White "FaustinoOro"]
[Black "Lady_Nika"]
[Result "1-0"]
[WhiteElo "2763"]
[BlackElo "2588"]
[TimeControl "180+1"]
[EndTime "9:55:24 PST"]
[Termination "FaustinoOro won by resignation"]

1. Nf3 d5 2. g3 Nf6 3. Bg2 g6 4. O-O Bg7 5. d3 O-O 6. Nbd2 c5 7. e4 d4 8. a4 Nc6 9. Nc4 Bg4 10. h3 Bxf3 11. Bxf3 Nd7 12. Bg2 e5 13. f4 f5 14. exf5 Rxf5 15. Nd6 Rf6 16. Ne4 Rf8 17. fxe5 Ndxe5 18. Nxc5 Qe7 19. Ne4 Rxf1+ 20. Qxf1 Rf8 21. Qe2 h6 22. Bf4 g5 23. Bd2 Ng6 24. Rf1 Rxf1+ 25. Qxf1 Be5 26. Qf5 Kg7 27. Kf2 Qc7 28. c3 Nce7 29. Qe6 dxc3 30. bxc3 Qd8 31. d4 Bc7 32. Nc5 Qf8+ 33. Bf3 Bb8 34. Nd7 Qc8 35. Qf6+ Kh7 36. Qf7+ Kh8 37. Nf6 Bxg3+ 38. Kxg3 Qb8+ 39. Kg2 Nh4+ 40. Kf1 1-0

[Event "Early-Titled-Tuesday-Blitz-February-06-2024"]
[Site "Chess.com"]
[Date "2024.02.06"]
[Round "10"]
[White "shimastream"]
[Black "Sokoloco"]
[Result "1-0"]
[WhiteElo "3015"]
[BlackElo "2791"]
[TimeControl "180+1"]
[EndTime "9:55:25 PST"]
[Termination "shimastream won by checkmate"]

1. Nc3 c5 2. e4 d6 3. f4 Nc6 4. Bb5 Bd7 5. Nf3 Nd4 6. Bc4 e5 7. O-O Nf6 8. Ng5 Ne6 9. Nxf7 Kxf7 10. f5 Qc8 11. d3 Be7 12. Bg5 Rf8 13. Nd5 b5 14. fxe6+ Bxe6 15. Nxf6 Bxf6 16. Qh5+ Kg8 17. Bxf6 gxf6 18. Qg4+ Kf7 19. Rxf6+ Kxf6 20. Rf1+ Ke7 21. Qg7+ Rf7 22. Rxf7+ Bxf7 23. Qxf7+ Kd8 24. Be6 Qc6 25. Bd5 Qb6 26. Qf8+ Kd7 27. Qxa8 c4+ 28. Kf1 Qe3 29. Qc6+ Ke7 30. Qc7+ Ke8 31. Bc6+ Kf8 32. Qxd6+ Kf7 33. Bd5+ Ke8 34. Qxe5+ Kd8 35. Qd6+ Ke8 36. Qe6+ Kd8 37. Qf6+ Kc7 38. Qf2 Qc1+ 39. Qe1 Qxc2 40. dxc4 Qxb2 41.
cxb5 Qxb5+ 42. Qe2 Qb1+ 43. Kf2 h5 44. Qxh5 a5 45.
Qe2 a4 46. h4 a3 47. h5 Qh1 48.
Qg4 Qc1 49. Qg3+ Kd8 50. Qd6+ Kc8 51. Qc6+ Kb8 52. Qb7# 1-0

[Event "Early-Titled-Tuesday-Blitz-February-06-2024"]
[Site "Chess.com"]
[Date "2024.02.06"]
[Round "10"]
[White "KorolDimitriy75"]
[Black "Cambek64"]
[Result "0-1"]
[WhiteElo "2369"]
[BlackElo "2504"]
[TimeControl "180+1"]
[EndTime "9:55:26 PST"]
[Termination "Cambek64 won on time"]

1. d4 b5 2. e4 Bb7 3. Bd3 e6 4. Qe2 a6 5. Nf3 Nf6 6. O-O Be7 7. a4 b4 8. c3 bxc3 9. bxc3 d5 10. e5 Nfd7 11.
Be3 O-O 12. Nbd2 c5 13. Rfb1 Qc7 14. c4 dxc4 15. Nxc4 Nc6 16. Nd6 Rfb8 17. Nxb7 Rxb7 18. Bxa6 Rxb1+ 19. Rxb1 cxd4 20. Nxd4 Nxd4 21. Bxd4 Nc5 22. Bxc5 Bxc5 23. Bb5 g6 24. Rd1 Rd8 25. Rxd8+ Qxd8 26. g3 Qc7 27. Kg2 Bd4 28. f4 Qc3 29. h4 h5 30. Qd3 Qb2+ 31. Qe2 Qa1 32. Qf1 Qa2+ 33.
Qe2 Qd5+ 34. Qf3 Qc5 35. Qe2 Kg7 36. Qd3 Qb4 37. Qe2 Bb6 38. Qd3 Qc5 39. Kf3 Qf2+ 40. Ke4 Qg2+ 41. Qf3 Qc2+ 42. Qd3 Qc5 43. Kf3 Qg1 44.
Qe2 Qc1 45. Qd3 Qc5 46. Qe2 Kf8 47. Qd3 Kg7 48. Qe2 Qd5+ 49. Qe4 Qd1+ 0-1

[Event "Early-Titled-Tuesday-Blitz-February-06-2024"]
[Site "Chess.com"]
[Date "2024.02.06"]
[Round "10"]
[White "Yaacovn"]
[Black "Harsha_Bharathakoti"]
[Result "1-0"]
[WhiteElo "2865"]
[BlackElo "2929"]
[TimeControl "180+1"]
[EndTime "9:55:27 PST"]
[Termination "Yaacovn won by checkmate"]

1. d4 Nf6 2. e3 g6 3. Nf3 Bg7 4. Be2 O-O 5. O-O c5 6. b3 cxd4 7. Nxd4 Nc6 8. Bb2 d6 9. c4 Bd7 10. Qd2 Rc8 11. Rd1 Qc7 12. Nc3 Rfe8 13. Rac1 Rb8 14.
Nd5 Qd8 15. Nxf6+ Bxf6 16. Nxc6 Bxc6 17. Bxf6 exf6 18. Qxd6 Qa5 19. Qd2 Qa3 20. Bf1 Rbd8 21. Qc3 Kg7 22. Rd4 a5 23. Rcd1 Rc8 24. Rd6 Re6 25.
Rxe6 fxe6 26. Rd2 Qb4 27. Qc1 a4 28. a3 Qxb3 29. Rb2 Be4 30. Rxb3 axb3 31. Qb2 Bc2 32.
Bd3 Bxd3 33. Qxb3 Be4 34. Qb4 Rc7 35. Qd6 Rxc4 36. f3 Bd5 37. Qe7+ Kh6 38. Qxf6 Ra4 39.
h4 b5 40. g4 Rc4 41. Qf8# 1-0

[Event "Early-Titled-Tuesday-Blitz-February-06-2024"]
[Site "Chess.com"]
[Date "2024.02.06"]
[Round "10"]
[White "DDTerziev04"]
[Black "InitiatingASC"]
[Result "0-1"]
[WhiteElo "2292"]
[BlackElo "2419"]
[TimeControl "180+1"]
[EndTime "9:55:29 PST"]
[Termination "InitiatingASC won by checkmate"]

1. e4 c5 2. Nf3 Nc6 3. Bb5 Nf6 4. d3 g6 5. O-O Bg7 6. Bxc6 bxc6 7. c3 d6 8. Re1 e5 9. Be3 Ng4 10. Bg5 f6 11.
Bh4 g5 12. Bg3 h5 13. h3 h4 14. Bh2 Nh6 15. d4 cxd4 16. cxd4 Be6 17. Nc3 O-O 18. Qd2 Qb6 19. Rad1 Rfd8 20. d5 cxd5 21. Nxd5 Qb7 22. Re3 Nf7 23. Rb3 Qd7 24. Rc3 Rdc8 25.
Rdc1 Rxc3 26. Rxc3 Qa4 27. b3 Qxe4 28. Nc7 Bf5 29. Nxa8 Qxa8 30. Rc7 Bxh3 31. Qe3 Be6 32. Qxa7 Qd5 33. Qe3 h3 34. gxh3 Bxh3 35. Ne1 Be6 36. Bg3 f5 37. Qe2 f4 38. Bh2 g4 39. a4 Ng5 40. a5 Nh3+ 41. Kf1 Qh1+ 42. Bg1 Qxg1# 0-1

[Event "Early-Titled-Tuesday-Blitz-February-06-2024"]
[Site "Chess.com"]
[Date "2024.02.06"]
[Round "10"]
[White "Boundless_Strike"]
[Black "colegiodemadrid"]
[Result "1-0"]
[WhiteElo "2657"]
[BlackElo "2511"]
[TimeControl "180+1"]
[EndTime "9:55:30 PST"]
[Termination "Boundless_Strike won by checkmate"]

1. d4 d5 2. e4 dxe4 3. Nc3 Nf6 4. f3 exf3 5. Nxf3 g6 6. Bf4 Bg7 7. Qd2 O-O 8. O-O-O Nd5 9. Be5 Nxc3 10. Qxc3 Nd7 11. Bxg7 Kxg7 12. g4 Nf6 13. g5 Nd5 14. Qd2 Bg4 15.
Be2 c6 16. c4 Bxf3 17. Bxf3 Nc7 18. h4 Qd6 19. h5 Rad8 20. Bg4 b5 21. c5 Qd5 22. Kb1 Ne6 23. Bxe6 fxe6 24. Qh2 Qe4+ 25. Ka1 Qf4 26. Qh3 Qf5 27. Qh2 Qf4 28. Qe2 Rxd4 29. Rxd4 Qxd4 30. hxg6 hxg6 31. Qxe6 Rf7 32. Qh3 Kf8 33.
Qc8+ Kg7 34. Qh8# 1-0

[Event "Early-Titled-Tuesday-Blitz-February-06-2024"]
[Site "Chess.com"]
[Date "2024.02.06"]
[Round "10"]
[White "kibromNNN"]
[Black "tolia123"]
[Result "0-1"]
[WhiteElo "1784"]
[BlackElo "2164"]
[TimeControl "180+1"]
[EndTime "9:55:30 PST"]
[Termination "tolia123 won on time"]

1. d4 Nf6 2. c4 g6 3. Nc3 Bg7 4. e4 d6 5. Be2 O-O 6. Nf3 e5 7.
d5 a5 8. Bg5 h6 9. Be3 Ng4 10. Bd2 f5 11. exf5 gxf5 12. h3 Nf6 13. Qc1 Kh7 14. g4 Ne4 15. Nxe4 fxe4 16. Nh2 Qh4 17. Be3 Na6 18. Qd2 Nc5 19. O-O-O a4 20. Nf1 Bd7 21. Ng3 a3 22. b4 Na4 23. Nxe4 Nb2 24. Rdg1 b5 25. cxb5 Rfb8 26. g5 Qxe4 27. gxh6 Bf6 28. Bg5 Bh8 29. Be3 Bxb5 30. Bxb5 Rxb5 31.
Rg4 Qxh1+ 32. Kc2 Qxd5 33. Qe2 Rab8 0-1

[Event "Early-Titled-Tuesday-Blitz-February-06-2024"]
[Site "Chess.com"]
[Date "2024.02.06"]
[Round "10"]
[White "Roedor"]
[Black "JaackCamel"]
[Result "0-1"]
[WhiteElo "2322"]
[BlackElo "2182"]
[TimeControl "180+1"]
[EndTime "9:55:31 PST"]
[Termination "JaackCamel won on time"]

1. c4 e6 2. g3 d5 3. Bg2 c6 4.
Nf3 dxc4 5. O-O b5 6. a4 Bb7 7. b3 cxb3 8. Qxb3 b4 9. d4 c5 10. dxc5 Bxc5 11. Rd1 Qb6 12. e3 Nf6 13. Nbd2 Bd5 14.
Nc4 Qa6 15. Nfe5 O-O 16. Bf1 Qb7 17. Bb2 Nc6 18. Nd3 Be7 19. Nf4 Bf3 20. Rdc1 Rac8 21.
a5 Rfd8 22. Ne5 Nxe5 23. Bxe5 Nd5 24. a6 Qa8 25. h4 Nxf4 26. exf4 Bd5 27. Qb2 Bf8 28.
h5 h6 29. Bc7 Re8 30. Ba5 Bf3 31. Qe5 Rb8 32. Rab1 b3 33. Kh2 Be4 34. Bc7 Rbc8 35. Rxb3 Be7 36. Rb7 Bf6 0-1

[Event "Early-Titled-Tuesday-Blitz-February-06-2024"]
[Site "Chess.com"]
[Date "2024.02.06"]
[Round "10"]
[White "yuriydovzik"]
[Black "abelmat"]
[Result "1-0"]
[WhiteElo "2210"]
[BlackElo "2079"]
[TimeControl "180+1"]
[EndTime "9:55:32 PST"]
[Termination "yuriydovzik won by checkmate"]

1. Nf3 Nf6 2. d4 d5 3. c4 e6 4. Nc3 Be7 5. g3 O-O 6. Bg2 dxc4 7. O-O Bd7 8. Ne5 Bc6 9. e4 b5 10. d5 exd5 11. Nxc6 Nxc6 12. exd5 Nb4 13. d6 Bxd6 14. Bxa8 Qxa8 15. Nxb5 Nd3 16. Nxd6 cxd6 17. Be3 h5 18. b3 Ne5 19. f3 h4 20. Bf4 cxb3 21. Bxe5 dxe5 22.
axb3 hxg3 23. hxg3 Qb8 24. Kg2 Rd8 25. Qc2 Nh5 26.
Rae1 Qb4 27. Re2 Rd6 28. Qe4 Rg6 29. Qxb4 Nxg3 30. Kf2 e4 31. Rxe4 Nxe4+ 32. Qxe4 Rb6 33. Qc4 g6 34. Rd1 Rf6 35. Rd8+ Kg7 36. Qc3 a5 37.
Rd6 a4 38. Qxf6+ Kh6 39. Qxf7 axb3 40. Qxg6# 1-0

[Event "Early-Titled-Tuesday-Blitz-February-06-2024"]
[Site "Chess.com"]
[Date "2024.02.06"]
[Round "10"]
[White "Rurep26"]
[Black "Casper"]
[Result "0-1"]
[WhiteElo "2729"]
[BlackElo "2537"]
[TimeControl "180+1"]
[EndTime "9:55:33 PST"]
[Termination "Casper won by resignation"]

1. d4 Nf6 2. Bf4 Nc6 3. Nf3 Nh5 4. Bc1 Nf6 5. Bf4 Nh5 6. Bc1 d5 7. g3 g6 8. Bg2 Bg7 9. O-O O-O 10. h3 Re8 11. c4 dxc4 12. e3 e5 13. dxe5 Nxe5 14. Nxe5 Bxe5 15. Bd2 Bxb2 16. Bc3 Bxa1 17. Bxa1 Qxd1 18.
Rxd1 c6 19. Nd2 Be6 20. g4 Ng7 21. Ne4 Red8 22. Nf6+ Kh8 23. Rc1 Rd2 24. h4 Rad8 25.
Bf3 Rxa2 26. Be5 h6 27. g5 h5 28. Rb1 b5 29. Bxc6 c3 30. Bxc3 Rc8 31. Rxb5 Rxc6 32. Bd4 Rc8 33. Rb7 a5 34. Re7 a4 35. Ne8 a3 36. Nxg7 Kg8 37. Nxe6 fxe6 38. Rg7+ Kf8 39.
Rh7 Ke8 40. Bf6 Rd2 41. Re7+ Kf8 42. Rh7 Ke8 43. Re7+ Kf8 44. Rh7 Rc1+ 45. Kg2 a2 46. Ra7 Ke8 47. Kf3 Rdc2 48. Ke4 Rxf2 49. Ke5 Rxf6 50.
gxf6 a1=Q+ 51. Rxa1 Rxa1 52. Kxe6 Ra6+ 53. Ke5 Kf7 54. Kf4 Rxf6+ 55. Kg5 Rf5+ 0-1

[Event "Early-Titled-Tuesday-Blitz-February-06-2024"]
[Site "Chess.com"]
[Date "2024.02.06"]
[Round "10"]
[White "noblerone"]
[Black "Chesstiger64"]
[Result "1-0"]
[WhiteElo "2456"]
[BlackElo "2280"]
[TimeControl "180+1"]
[EndTime "9:55:33 PST"]
[Termination "noblerone won by resignation"]

1. d4 d6 2. c4 e5 3. e3 Nc6 4. Nf3 Nf6 5. Nc3 Bg4 6. Be2 Be7 7. h3 Bh5 8. b4 exd4 9. Nxd4 Bxe2 10. Ncxe2 Nxd4 11.
Nxd4 O-O 12. O-O Nd7 13. Bb2 Bf6 14. Qc2 a5 15. a3 axb4 16. axb4 Rxa1 17. Bxa1 Re8 18.
Rd1 Ne5 19. Nf5 g6 20. Ng3 Qe7 21. Ne2 Bg7 22. Nf4 c6 23. b5 Ra8 24. Bd4 Nd7 25. Bxg7 Kxg7 26. Qc3+ Ne5 27. Nd3 Qf6 28. Nxe5 dxe5 29.
bxc6 Ra2 30. f4 bxc6 31. Qxe5 Qxe5 32. fxe5 Ra5 33. e6 fxe6 34. Rd7+ Kf6 35. Rxh7 Rc5 36. Kf2 Rxc4 37. Kf3 e5 38. Rc7 Rc1 39. g4 g5 40.
Ke4 Rc4+ 41. Kd3 Rc1 42. Ke4 Rc4+ 43. Kd3 Rc1 44. Rc8 Rc5 45. Rf8+ Kg6 46. Ke4 Rd5 47.
Rc8 Rd6 48. Kxe5 Rd3 49. Rxc6+ Kf7 50. e4 Rxh3 51. Kf5 Rf3+ 52. Kxg5 Rf1 53. e5 Rf2 54. Rf6+ Rxf6 55. exf6 Ke6 56. Kg6 1-0

[Event "Early-Titled-Tuesday-Blitz-February-06-2024"]
[Site "Chess.com"]
[Date "2024.02.06"]
[Round "10"]
[White "Schattman"]
[Black "tylityli"]
[Result "1-0"]
[WhiteElo "2390"]
[BlackElo "2238"]
[TimeControl "180+1"]
[EndTime "9:55:34 PST"]
[Termination "Schattman won on time"]

1. f4 e5 2. fxe5 d6 3. exd6 Bxd6 4. Nf3 g5 5. g3 g4 6. Nh4 Ne7 7. d4 Ng6 8. Ng2 f5 9. e3 h5 10. Nf4 Qf6 11. Bb5+ c6 12. Bc4 h4 13. O-O hxg3 14.
hxg3 Nxf4 15. exf4 Qh6 16. Qe2+ Kd8 17. Qg2 Be6 18.
Nd2 Nd7 19. b3 Nb6 20. Bxe6 Qxe6 21. c4 c5 22. Bb2 Rh3 23. Rae1 Qh6 24. d5 Kc7 25.
Re6 Qh5 26. Rfe1 Rd8 27. Nf1 Kc8 28. a4 Na8 29. a5 Nc7 30. Rxd6 Rxd6 31. Be5 Rh6 32. d6 Ne6 33. a6 Nd8 34. axb7+ Nxb7 35. d7+ Kxd7 36. Qxb7+ Ke8 37. Bg7+ Kd8 38. Qb8+ Kd7 39. Qb7+ Kd6 40. Bxh6 1-0

[Event "Early-Titled-Tuesday-Blitz-February-06-2024"]
[Site "Chess.com"]
[Date "2024.02.06"]
[Round "10"]
[White "Denis_Makhnyov"]
[Black "Genghis_K"]
[Result "1-0"]
[WhiteElo "3025"]
[BlackElo "2906"]
[TimeControl "180+1"]
[EndTime "9:55:35 PST"]
[Termination "Denis_Makhnyov won on time"]

1. d4 Nf6 2. c4 e6 3. Nc3 d5 4.
cxd5 exd5 5. Bg5 c6 6. e3 h6 7.
Bh4 Be7 8. Bd3 O-O 9. Qc2 Re8 10. Nge2 a5 11. O-O Na6 12. a3 Nc7 13. Rae1 Ne6 14. f3 c5 15. Bb5 Bd7 16. Qa4 Bxb5 17. Qxb5 cxd4 18. exd4 Nc7 19. Qd3 Qd7 20. Bf2 b5 21. Ng3 b4 22. axb4 Bxb4 23. Nf5 a4 24. Rxe8+ Rxe8 25. g4 Ne6 26. Be3 Rc8 27. Ne2 Qc6 28. Rc1 Qb7 29. Ra1 Bf8 30. Qd2 Qb3 31. Nc1 Qb5 32. Nd3 Kh7 33. Ne5 Kg8 34. h4 Qb3 35.
Rc1 Rb8 36. Rc2 Bb4 37. Qc1 Bf8 38. h5 Ng5 39. Kg2 a3 40. bxa3 Bxa3 41. Rc8+ Rxc8 42. Qxc8+ Kh7 43. Bxg5 hxg5 44. Nxf7 Qb2+ 45. Kh3 1-0